General information
- name: RiG|Sleeep L:5
- type: Custom game
- host: RiG|Sleeep
- saver: Starshaped ^_^
map: TerenasStand
- players: 6
- length: 19:40
- speed: Fast
- version: 1.24 W3XP
- replay type: Public
» download(133 KB)
Players
team 1 (loser)
Onur820 (
light-blue | 161 APM | 3159 actions | 19:39)
4 Blademaster
2 Wind Walk
2 Critical Strike
4 Shadow Hunter
2 Hex
2 Healing Wave
» actions
| Assign group hotkey | 62 | |
| Basic commands | 293 | |
| Build / train | 69 | |
| ESC pressed | 1 | |
| Enter build submenu | 20 | |
| Enter hero's abilities submenu | 9 | |
| Give item / drop item | 4 | |
| Remove unit from queue | 1 | |
| Right click | 1336 | |
| Select / deselect | 491 | |
| Select group hotkey | 719 | |
| Use ability | 152 | |
3159 total
» units
| Peon | 14 | |
| Grunt | 6 | |
| Raider | 7 | |
| Spirit Walker | 2 | |
| Kodo Beast | 1 | |
30 total
» upgrades
| Berserker Strength | 1 | |
| Ensnare | 1 | |
| Pillage | 1 | |
| Spirit Walker Training | 1 | |
4 total
» buildings
| Altar of Storms | 1 | |
| Orc Burrow | 7 | |
| Barracks | 1 | |
| Voodoo Lounge | 1 | |
| Stronghold | 2 | |
| Beastiary | 3 | |
| War Mill | 1 | |
| Great Hall | 1 | |
| Watch Tower | 1 | |
| Spirit Lodge | 1 | |
| Fortress | 1 | |
20 total
» build order
00:03 Altar of Storms
00:14 Orc Burrow
00:37 Barracks
01:24 Orc Burrow
01:52 Voodoo Lounge
03:00 Stronghold
03:00 Stronghold
03:33 Orc Burrow
05:53 Beastiary
05:54 Beastiary
06:30 Orc Burrow
07:53 War Mill
11:06 Great Hall
11:21 Watch Tower
12:07 Spirit Lodge
14:13 Orc Burrow
14:54 Beastiary
15:49 Orc Burrow
16:16 Orc Burrow
17:20 Fortress
» items
| Healing Salve | 8 | |
| Lesser Clarity Potion | 6 | |
| Boots of Speed | 2 | |
| Scroll of Speed | 2 | |
| Scroll of Town Portal | 1 | |
| Potion of Healing | 1 | |
20 total
team 2 (winner)
Starshaped ^_^ (
gray | 96 APM | 1885 actions | 19:40)
4 Archmage
2 Summon Water Elemental
2 Brilliance Aura
1 Mountain King
1 Storm Bolt
1 Paladin
1 Holy Light
» actions
| Assign group hotkey | 53 | |
| Basic commands | 72 | |
| Build / train | 93 | |
| ESC pressed | 1 | |
| Enter build submenu | 53 | |
| Enter hero's abilities submenu | 6 | |
| Give item / drop item | 1 | |
| Right click | 571 | |
| Select / deselect | 558 | |
| Select group hotkey | 372 | |
| Use ability | 105 | |
1885 total
» units
| Peasant | 30 | |
| Footman | 16 | |
| Forest Troll Shadow Priest | 1 | |
| Forest Troll Berserker | 1 | |
| Mud Golem | 1 | |
| Ogre Mauler | 1 | |
| Sorceress | 3 | |
| Priest | 1 | |
| Mortar Team | 3 | |
| Knight | 1 | |
58 total
» upgrades
| Masonry | 2 | |
| Lumber Harvesting | 1 | |
3 total
» buildings
| Altar of Kings | 1 | |
| Barracks | 1 | |
| Farm | 14 | |
| Scout Tower | 16 | |
| Arcane Tower | 4 | |
| Lumber Mill | 1 | |
| Arcane Vault | 3 | |
| Guard Tower | 10 | |
| Town Hall | 1 | |
| Keep | 1 | |
| Arcane Sanctum | 2 | |
| Blacksmith | 1 | |
| Castle | 1 | |
| Workshop | 1 | |
57 total
» build order
00:08 Altar of Kings
00:24 Barracks
00:34 Farm
01:05 Farm
01:32 Scout Tower
01:48 Farm
02:19 Arcane Tower
03:09 Lumber Mill
03:32 Arcane Vault
03:49 Farm
04:08 Farm
05:42 Scout Tower
05:43 Scout Tower
06:02 Guard Tower
06:12 Farm
06:15 Guard Tower
06:19 Scout Tower
06:28 Scout Tower
06:29 Scout Tower
06:30 Scout Tower
06:36 Guard Tower
06:52 Town Hall
06:54 Scout Tower
07:27 Arcane Tower
07:54 Guard Tower
09:58 Farm
09:59 Farm
10:00 Farm
10:21 Keep
10:57 Scout Tower
10:58 Scout Tower
10:59 Scout Tower
11:04 Scout Tower
11:05 Scout Tower
11:06 Scout Tower
11:10 Arcane Vault
11:27 Guard Tower
11:55 Guard Tower
12:03 Guard Tower
12:27 Farm
12:28 Farm
13:36 Arcane Sanctum
13:56 Arcane Sanctum
14:15 Blacksmith
14:36 Castle
14:39 Farm
14:40 Farm
14:41 Farm
15:51 Workshop
16:30 Scout Tower
16:31 Scout Tower
16:48 Arcane Tower
16:49 Arcane Tower
16:53 Guard Tower
17:20 Guard Tower
17:20 Guard Tower
17:31 Arcane Vault
» items
| Scroll of Town Portal | 2 | |
| Scroll of Regeneration | 1 | |
| Ivory Tower | 3 | |
| Potion of Healing | 1 | |
7 total
observersRiG|Sleeep,
Finaldemand,
RiG|OnFirE,
mucx Chat log
(00:42 / All) Starshaped ^_^: that guy needs to learn what racism is
(00:46 / All) Starshaped ^_^: before using it
(01:00 / All) Onur820: well
(01:02 / All) Onur820: dont ask me
(01:03 / All) Onur820: -_-
(05:00 / All) Starshaped ^_^: why did i allow obs
(05:05 / All) Onur820: sure
(05:09 / All) Onur820: i am "hacking"
(05:12 / All) Starshaped ^_^: no
(05:14 / All) Starshaped ^_^: ur not
(05:17 / All) Starshaped ^_^: obs are helping you
(05:54 / All) Starshaped ^_^: see
(05:58 / All) Starshaped ^_^: u wouldnt know
(06:01 / All) Starshaped ^_^: i didnt have a farm at lab
(06:03 / All) Onur820: what the fuck?
(06:06 / All) Onur820: i saw u running
(06:09 / All) Onur820: straight ahead
(06:21 / All) Starshaped ^_^: silence cheater
(06:26 / All) Onur820: just stfu pls
(06:33 / All) Starshaped ^_^: stop hacking
(06:34 / All) Starshaped ^_^: pls
(06:38 / All) Starshaped ^_^: oh sorry
(06:39 / All) Starshaped ^_^: cheating
(06:54 / All) Onur820: stop playing like
(06:55 / All) Onur820: a noob
(06:55 / All) Onur820: thx
(07:00 / All) Starshaped ^_^: stfu orc cheater
(07:05 / All) Starshaped ^_^: HEX RIGHTCLICK
(07:06 / All) Starshaped ^_^: SKILL
(07:24 / All) Starshaped ^_^: ur vry good
(07:35 / All) Starshaped ^_^: nice timing too
(07:36 / All) Starshaped ^_^: all game
(07:37 / All) Starshaped ^_^: incredible
(07:40 / All) Starshaped ^_^: u must be pro
(08:02 / All) Starshaped ^_^: oh nice
(08:06 / All) Starshaped ^_^: teach me how to be so pro
(09:42 / All) Starshaped ^_^: so smart
(09:47 / All) Starshaped ^_^: no wonder you play orc
(09:52 / All) Onur820: just stfu
(09:53 / All) Onur820: mass tower
(09:54 / All) Onur820: is
(09:56 / All) Onur820: skill
(10:05 / All) Starshaped ^_^: at lest i dont play orc
(10:10 / All) Starshaped ^_^: and have my buddies help me cheat
(11:47 / All) Starshaped ^_^: oh nice timing
(11:52 / All) Starshaped ^_^: good thing u were right there
(12:10 / All) Starshaped ^_^: lucky coincidence i guess
(15:25 / All) Starshaped ^_^: every time
(15:29 / All) Starshaped ^_^: such a coincidence
(15:30 / All) Starshaped ^_^: no?
(15:34 / All) Onur820: ARE U FUCKING DUMB?
(15:42 / All) Starshaped ^_^: when did you stop trying to hide it?
(15:52 / All) Onur820: just stfu
(15:53 / All) Onur820: muted
(15:58 / All) Starshaped ^_^: k nerd cheater orc
(18:38 / All) Starshaped ^_^: haha
(18:52 / All) Onur820: veto?
(18:58 / All) Starshaped ^_^: i veto cheating
(19:00 / All) Starshaped ^_^: and playing orc
(19:02 / All) Onur820: stfu
(19:03 / All) Onur820: veto
(19:07 / All) Starshaped ^_^: that map
(19:10 / All) Onur820: yeye i was cheating
(19:10 / All) Starshaped ^_^: that isnt in the ladder
(19:11 / All) Starshaped ^_^: dt?
(19:12 / All) Starshaped ^_^: ai?
(19:14 / All) Onur820: therfore i didnt
(19:14 / All) Starshaped ^_^: w/e it is
(19:21 / All) Starshaped ^_^: well you tried to hide it a bit now
(19:21 / All) Onur820: see towerrush
(19:24 / All) Starshaped ^_^: but im on to you
(19:26 / All) Onur820: JUST STFU
(19:27 / All) Onur820: AND VETO
(19:31 / All) Starshaped ^_^: I DID VETO
(19:37 / All) Onur820: k go tr